 Dungeon Crawl Stone Soup version 0.27-a0-1378-gdefffd1ff6 (webtiles) character file.

Game seed: 2087245512506260248

4090 lmSkywalker the Protected (level 10, -10/90 HPs)
             Began as a Minotaur Fighter on June 29, 2021.
             Was a Priest of Makhleb.
             Mangled by an eight-headed hydra (14 damage)
             ... on level 9 of the Dungeon.
             The game lasted 00:27:16 (10690 turns).

lmSkywalker the Protected (Minotaur Fighter)       Turns: 10690, Time: 00:27:17

Health: -10/90     AC:  9    Str: 23    XL:     10   Next: 5%
Magic:  12/12      EV:  9    Int:  7    God:    Makhleb [***...]
Gold:   416        SH: 11    Dex:  9    Spells: 9/9 levels left

rFire    . . .     SeeInvis .   a - +0 war axe
rCold    . . .     Faith    .   c - +0 kite shield
rNeg     . . .     Spirit   .   b - +0 scale mail
rPois    .         Reflect  .   (helmet restricted)
rElec    .         Harm     .   (no cloak)
rCorr    .         Rampage  .   J - +0 pair of gloves
Will     .....                  (no boots)
Stlth    ..........             (no amulet)
HPRegen  0.25/turn              (no ring)
MPRegen  0.13/turn              (no ring)

@: no status effects
A: horns 2, retaliatory headbutt
a: Renounce Religion, Minor Destruction, Lesser Servant of Makhleb


You were on level 9 of the Dungeon.
You worshipped Makhleb.
Makhleb was most pleased with you.
You visited 1 branch of the dungeon, and saw 9 of its levels.
You also visited: Sewer.

You collected 416 gold pieces.

Inventory:

Hand Weapons
 a - a +0 war axe (weapon)
 B - a +0 morningstar
 I - a +0 battleaxe
 K - a +2 mace of freezing
Missiles
 C - 6 curare-tipped darts
 F - 28 poisoned darts (quivered)
 G - 8 atropa-tipped darts
Armour
 b - a +0 scale mail (worn)
 c - a +0 kite shield (worn)
 D - a +0 plate armour
 J - a +0 pair of gloves (worn)
Jewellery
 y - a +6 ring of strength
Wands
 i - a wand of digging (4)
 A - a wand of flame (25)
 E - a wand of iceblast (7)
 L - a wand of paralysis (11)
Scrolls
 f - 5 scrolls of fog
 g - 2 scrolls of enchant weapon {unknown}
 h - 2 scrolls of acquirement {unknown}
 j - 5 scrolls of teleportation
 k - a scroll of vulnerability {unknown}
 l - a scroll of torment {unknown}
 n - 2 scrolls of blinking {unknown}
 o - a scroll of fear {unknown}
 r - 2 scrolls of immolation {unknown}
 t - a scroll of holy word {unknown}
 u - a scroll of enchant armour {unknown}
 H - 4 scrolls of noise {unknown}
Potions
 d - 3 potions of might
 e - 4 potions of mutation {unknown}
 m - 2 potions of magic
 p - 3 potions of heal wounds
 q - 6 potions of curing
 s - 4 potions of haste
 v - a potion of brilliance {unknown}
 w - 2 potions of attraction {unknown}
 x - a potion of resistance {unknown}
 z - 3 potions of flight {unknown}


   Skills:
 + Level 8.8 Fighting
 + Level 8.3 Axes
 + Level 8.9 Armour
 + Level 2.2 Dodging
 + Level 8.9 Shields
 + Level 4.2 Invocations
 + Level 1.8 Evocations


You had 9 spell levels left.
You didn't know any spells.
Your spell library contained the following spells:

 Spells                   Type           Power      Damage    Failure   Level
 Corona                   Hex            0%         N/A       92%         1
 Freeze                   Ice            0%         1d3       92%         1
 Magic Dart               Conj           0%         1d3       92%         1
 Sting                    Tmut/Pois      0%         1d3       92%         1
 Blink                    Tloc           N/A        N/A       98%         2
 Call Imp                 Summ           0%         N/A       98%         2
 Poisonous Vapours        Pois/Air       0%         N/A       98%         2
 Slow                     Hex            0%         N/A       98%         2
 Static Discharge         Conj/Air       0%         N/A       98%         2
 Conjure Flame            Conj/Fire      0%         6-21      100%        3
 Frozen Ramparts          Ice            0%         1d2       100%        3
 Ignite Poison            Fire/Tmut/Pois 0%         N/A       100%        3
 Inner Flame              Hex/Fire       0%         N/A       100%        3
 Mephitic Cloud           Conj/Pois/Air  0%         N/A       100%        3
 Ozocubu's Armour         Ice            0%         N/A       100%        3
 Portal Projectile        Hex/Tloc       0%         N/A       100%        3
 Cause Fear               Hex            0%         N/A       100%        4
 Hailstorm                Conj/Ice       0%         3d3       100%        4
 Leda's Liquefaction      Hex/Erth       0%         N/A       100%        4
 Olgreb's Toxic Radiance  Pois           0%         N/A       100%        4
 Metabolic Englaciation   Hex/Ice        0%         N/A       100%        5
 Conjure Ball Lightning   Conj/Air       0%         3x3d6     100%        6
 Storm Form               Tmut/Air       0%         N/A       100%        7


Dungeon Overview and Level Annotations

Branches:
Dungeon (9/15)             Temple (0/1) D:7           Sewer (visited)
   Lair: D:8-11         Orc: D:9-12

Altars:
Makhleb
Okawaru
Sif Muna
Vehumet

Shops:
D:2 (

Annotations:
D:4 1 runed translucent door, Crazy Yiuf


Innate Abilities, Weirdness & Mutations

You have a pair of horns on your head.
You reflexively headbutt those who attack you in melee.


Message History

Your smoke demon hits the five-headed hydra!
Your smoke demon hits the five-headed hydra. x2
Your ynoxinul barely misses the five-headed hydra.
You chop one of the five-headed hydra's heads off!
The four-headed hydra grows two more!
You hit the six-headed hydra. You headbutt the six-headed hydra.
The six-headed hydra is heavily wounded.
The six-headed hydra bites you. x2
You block the six-headed hydra's attack.
The six-headed hydra bites you! x2; The six-headed hydra bites you.
Your ynoxinul gestures.
Your smoke demon hits the six-headed hydra. x3
You chop one of the six-headed hydra's heads off!
The five-headed hydra grows two more!
You hit the seven-headed hydra. You headbutt the seven-headed hydra!
The seven-headed hydra is almost dead.
The seven-headed hydra bites you.
You block the seven-headed hydra's attack. x2
The seven-headed hydra misses you.
You block the seven-headed hydra's attack.
The seven-headed hydra bites you.
* * * LOW HITPOINT WARNING * * *
The seven-headed hydra bites you!
* * * LOW HITPOINT WARNING * * *
Your ynoxinul gestures.
Your smoke demon hits the seven-headed hydra.
Your smoke demon barely misses the seven-headed hydra. x2
Your smoke demon hits the seven-headed hydra. x2
Your smoke demon barely misses the seven-headed hydra.
You lop one of the seven-headed hydra's heads off!
The six-headed hydra grows two more!
You slash the eight-headed hydra!
The eight-headed hydra is almost dead.
The eight-headed hydra barely misses you.
The eight-headed hydra bites you!
* * * LOW HITPOINT WARNING * * *
You block the eight-headed hydra's attack.
The eight-headed hydra bites you!
* * * LOW HITPOINT WARNING * * *
The eight-headed hydra bites you!
You die...

...........#.#.........#
...........#D#.........#
...........#.#.........#
..#.≈##....#.#.........#
..≈.≈≈#......#.........#
#≈≈.≈≈≈....##≈5........#
≈≈≈.≈≈≈≈#+##≈≈553......#
#≈≈.≈≈≈## #≈≈≈3D35.(...#
....≈≈## ##≈≈..@......#
....≈##
#.......#+#'######
....##
######≈..........# ....#
##..........# ....#
######........(.# ###.#
#........#.###### # #.#
#...##<###.# # #.#
#...'#.....#
###+######...#########


You could see an eight-headed hydra (ally target), 2 friendly smoke demons, a
friendly ynoxinul (summoned) and 4 friendly ufetubi.

Vanquished Creatures
  A two-headed ogre (D:8)
  A yak (D:9)
  A wyvern (D:9)
  A sky beast (D:5)
  An ice beast (D:6)
  An ogre (D:5)
  A centaur (D:8)
  Blork the orc (D:4)
  A bullfrog (D:8)
  A kobold brigand (D:8)
  A scorpion (D:6)
  A water moccasin zombie (D:5)
  2 water moccasin skeletons (D:5)
  10 killer bees
  An electric eel (D:8)
  12 wights
  4 howler monkeys
  3 centaur zombies
  3 bullfrog zombies
  A gnoll shaman (D:7)
  3 orc priests
  Jessica (D:2)
  2 iguanas (D:5)
  5 orc wizards
  A scorpion zombie (D:5)
  5 adders
  7 gnolls
  2 river rats (D:3)
  2 shadow imps
  A white imp (D:6)
  2 adder skeletons (D:4)
  3 worms
  4 dart slugs
  39 orcs
  3 bats
  10 endoplasms
  4 giant cockroaches
  8 goblins
  3 hobgoblins
  5 jackals (D:3)
  3 quokkas
  9 ball pythons
  12 frilled lizards
  13 kobolds
  A quokka skeleton (D:4)
  13 rats
209 creatures vanquished.

Vanquished Creatures (collateral kills)
  Pikel (D:9)
  2 yaks (D:8)
  3 lemures (D:9)
  A wight (D:7)
  2 kobolds (D:8)
9 creatures vanquished.

Vanquished Creatures (others)
  A plant (D:1)
  5 withered plants (D:3)
6 creatures vanquished.

Grand Total: 224 creatures vanquished

Notes
Turn   | Place    | Note
-------+----------+-------------------------------------------
     0 | D:1      | lmSkywalker the Minotaur Fighter began the quest for the
                  | Orb.
     0 | D:1      | Reached XP level 1. HP: 19/19 MP: 0/0
   129 | D:1      | You fall into a shaft and drop 1 floor!
   130 | D:2      | Noticed Jessica
   135 | D:2      | Killed Jessica
   136 | D:2      | Reached XP level 2. HP: 23/27 MP: 1/1
   136 | D:2      | Reached XP level 3. HP: 29/33 MP: 2/2
   219 | D:2      | Got Sif Muna's Volume of Feathers
   241 | D:2      | Found a burning altar of Makhleb.
   267 | D:2      | Became a worshipper of Makhleb the Destroyer
   462 | D:2      | Reached XP level 4. HP: 40/40 MP: 3/3
  1149 | D:2      | Found Pemmyvuh's Weapon Shoppe.
  1529 | D:3      | Reached * piety under Makhleb
  1599 | D:3      | Reached XP level 5. HP: 45/47 MP: 4/4
  1775 | D:3      | Found a glowing drain.
  1792 | Sewer    | Entered a sewer
  2190 | D:3      | Reached skill level 5 in Fighting
  2190 | D:3      | Reached skill level 5 in Armour
  2190 | D:3      | Reached skill level 5 in Shields
  2310 | D:3      | Reached ** piety under Makhleb
  2366 | D:3      | Found a faded altar of an unknown god.
  2526 | D:3      | Reached XP level 6. HP: 53/56 MP: 5/5
  3433 | D:4      | Noticed Blork the orc
  3439 | D:4      | Killed Blork the orc
  3703 | D:4      | Found a runed translucent door.
  3704 | D:4      | Noticed Crazy Yiuf
  4149 | D:4      | Found an iron altar of Okawaru.
  4161 | D:4      | Found a shimmering blue altar of Sif Muna.
  4428 | D:5      | Entered Level 5 of the Dungeon
  4516 | D:5      | Reached XP level 7. HP: 60/62 MP: 6/6
  4534 | D:5      | Reached skill level 5 in Axes
  4869 | D:5      | Reached XP level 8. HP: 71/71 MP: 7/7
  5226 | D:6      | Reached *** piety under Makhleb
  6270 | D:7      | Found a staircase to the Ecumenical Temple.
  6499 | D:7      | Found a radiant altar of Vehumet.
  7283 | D:8      | Reached skill level 1 in Invocations
  8216 | D:8      | Reached XP level 9. HP: 68/80 MP: 9/9
  8993 | D:8      | Noticed a two-headed ogre
  9016 | D:8      | Killed a two-headed ogre
  9865 | D:9      | Reached skill level 1 in Dodging
  9865 | D:9      | Reached skill level 1 in Evocations
 10447 | D:9      | Noticed Pikel
 10460 | D:9      | Killed Pikel
 10461 | D:9      | Reached XP level 10. HP: 59/90 MP: 12/12
 10680 | D:9      | Noticed a five-headed hydra
 10690 | D:9      | HP: 4/90 [eight-headed hydra (8)]
 10690 | D:9      | Mangled by an eight-headed hydra

Illustrated notes

Levels and vault maps discovered:
D:1:      minmay_arrival_plants_in_alcoves, layout_loops_ring, st_stairs_9,
          minmay_split_cup_large
D:2:      layout_rooms, basic_altar, serial_shops, nicolae_diamond_shop,
          minmay_misc_feat_four_crosses, minmay_vboxes, uniq_jessica
D:3:      minmay_diamond_boxcup, layout_loops_ring,
          cheibrodos_sewer_entry_sluice, ebering_ecumenical_altar_petrified,
          minmay_fractal_squares_gapless_5
D:4:      layout_loops_corners, amethyst_overflow_temple_binary, minmay_cupped,
          uniq_blork_the_orc, uniq_crazy_yiuf_cottage
D:5:      layout_rooms, corexii_checkpoint_b
D:6:      layout_rooms, minmay_misc_feat_ornament
D:7:      layout_layer_cave, kennysheep_little_box,
          minmay_temple_entry_from_below_a
D:8:      layout_basic
D:9:      layout_basic, nicolae_overflow_crystal_walls, uniq_erolcha,
          uniq_pikel, uniq_joseph

Skill      XL: |  1  2  3  4  5  6  7  8  9 |
---------------+----------------------------+-----
Fighting       | 4 5 6 7 8 |  8.8
Axes           | 3 4 5 7 8 |  8.3
Armour         | 4 5 6 7 8 |  8.9
Shields        | 4 5 6 7 8 |  8.9
Invocations    | 2 4 |  4.2
Dodging        | 2 |  2.2
Evocations     | 1 |  1.8

Action                   |  1- 3 |  4- 6 |  7- 9 | 10-12 || total
-------------------------+-------+-------+-------+-------++-------
Melee: War axe           |    43 |   265 |   310 |     9 ||   627
       Headbutt          |     3 |    36 |    54 |     3 ||    96
Invok: Minor Destruction |       |       |     9 |       ||     9
       Lesser Servant of |       |       |     6 |     3 ||     9
Evoke: Wand              |       |       |       |     1 ||     1
  Use: Scroll            |       |     2 |     4 |       ||     6
Armor: Scale mail        |    12 |   122 |   121 |     4 ||   259
Dodge: Dodged            |     8 |    60 |   107 |     8 ||   183
Block: Kite shield       |    33 |   107 |   218 |    10 ||   368

Table legend: (Time is in decaauts)
 A = Elapsed time spent in this place.
 B = Non-inter-level travel time spent in this place.
 C = Inter-level travel time spent in this place.
 D = Time resting spent in this place.
 E = Time spent auto-exploring this place.
 F = Levels seen in this place.
 G = Mean time per level.
                   A        B        C        D        E       F      G
               +--------+--------+--------+--------+--------+-----+--------+
         Total |  11023 |  10741 |    282 |   2853 |   5269 |  10 | 1102.3 |
       Dungeon |  10627 |  10345 |    282 |   2853 |   5021 |   9 | 1180.8 |
         Sewer |    396 |    396 |      0 |      0 |    248 |   1 |  396.0 |
               +--------+--------+--------+--------+--------+-----+--------+

Top non-repeatable levels by time:
     D:8: 2356 daAuts
     D:7: 2047 daAuts
     D:3: 1548 daAuts
     D:4: 1332 daAuts
     D:6: 820 daAuts
     D:5: 722 daAuts
     D:1: 704 daAuts
     D:2: 660 daAuts
     D:9: 434 daAuts
   Sewer: 396 daAuts
